Map: Odyssey LE

Players

Bly

  • Race: Zerg Zerg
  • Spawn Location: 5:00

Has - Winner!

  • Race: Protoss Protoss
  • Spawn Location: 11:00

Event: WCS Valencia 2017

VOD

Have the link to the VOD?

Description

Time

  • Played on: July 13, 2017, 12:59 p.m.
  • Length: 10:11

All games in this series

Show
View Real Time Build Order
Export as new Build Order

Bly Zerg 

Build Orders: Hatch First 

Get SALT Encoding   

  12  0:01  Drone  
  13  0:12  Overlord  
  13  0:17  Drone  
  14  0:31  Drone x2  
  14  0:34  Drone  
  17  0:53  Hatchery  
  16  0:57  Drone  
  16  1:02  Extractor  
  16  1:14  Spawning Pool  
  16  1:16  Drone  
  16  1:27  Drone  
  17  1:43  Drone  
  18  1:47  Extractor  
  18  1:49  Drone  
  19  2:04  Queen  
  19  2:06  Queen  
  23  2:10  Zergling x4  
  25  2:15  Overlord  
  25  2:19  Drone  
  26  2:29  Drone x2  
  28  2:35  Drone  
  28  2:36  Drone  
  30  2:37  Drone  
  30  2:43  Drone  
  32  2:54  Hatchery  
  31  3:02  Drone x3  
  34  3:14  Metabolic Boost  
  34  3:17  Drone x2  
  34  3:18  Overlord  
  36  3:27  Overlord  
  36  3:35  Queen  
  36  3:36  Overlord  
  36  3:37  Drone x3  
  36  3:38  Drone  
  42  3:41  Drone  
  43  3:51  Drone x4  
  47  4:00  Drone x2  
  49  4:03  Overlord  
  49  4:05  Drone  
  49  4:06  Extractor, Drone x2  
  49  4:07  Drone  
  52  4:14  Pneumatized Carapace  
  52  4:17  Drone x4  
  52  4:22  Queen  
  52  4:23  Drone x2  
  60  4:26  Overlord  
  60  4:28  Overlord  
  60  4:36  Overlord  
  60  4:42  Overlord  
  59  4:47  Roach Warren  
  59  4:51  Drone x3  
  59  4:52  Drone x3  
  64  4:54  Overlord x2  
  64  4:59  Extractor  
  63  5:07  Lair  
  63  5:08  Zergling x12  
  69  5:14  Overlord  
  69  5:23  Drone  
  69  5:24  Drone x3  
  69  5:25  Extractor  
  72  5:31  Evolution Chamber  
  71  5:36  Spore Crawler  
  71  5:38  Spore Crawler  
  71  5:39  Spore Crawler  
  71  5:42  Roach x11  
  90  5:43  Overlord  
  90  5:51  Roach  
  91  5:58  Roach x4  
  99  6:08  Glial Reconstitution  
  99  6:13  Hatchery, Zergling x14  
  99  6:15  Overseer  
  96  6:25  Roach  
  96  6:26  Roach x2  
  96  6:31  Roach x4  
  83  6:41  Queen x2  
  83  6:43  Roach x2  
  83  6:44  Queen, Roach x4  
  95  6:48  Roach x2  
  90  6:54  Roach  
  90  6:59  Roach x2  
  89  7:05  Roach  
  85  7:10  Roach x2  
  79  7:17  Roach  
  77  7:26  Roach  
  77  7:28  Roach  
  77  7:30  Extractor  
  72  7:43  Roach x2  
  76  7:47  Roach Warren  
  76  7:48  Zergling x10  
  76  7:51  Spine Crawler  
  77  7:55  Roach x2  
  79  8:07  Roach x3  
  63  8:14  Roach  
  63  8:19  Zergling x18  
  63  8:28  Roach  
  61  8:37  Spine Crawler  
  61  8:38  Spine Crawler  
  61  8:39  Spine Crawler  
  57  8:47  Drone x2  
  55  8:48  Roach Warren  
  55  8:55  Drone x3  
  50  9:06  Drone x3  
  50  9:08  Drone x3  
  52  9:14  Drone x2  
  47  9:28  Extractor  
  45  9:37  Roach x3  
  49  9:45  Zergling x8  
Show
View Real Time Build Order
Export as new Build Order

Has Protoss - Winner!

Build Orders:  

Get SALT Encoding   

  12  0:01  Probe (Chrono Boost)  
  13  0:11  Probe (Chrono Boost)  
  14  0:18  Pylon  
  14  0:22  Probe (Chrono Boost)  
  15  0:36  Probe (Chrono Boost)  
  15  0:39  Gateway  
  16  0:47  Probe (Chrono Boost)  
  16  0:48  Assimilator  
  17  0:57  Probe (Chrono Boost)  
  18  1:08  Probe (Chrono Boost)  
  20  1:18  Forge, Probe (Chrono Boost)  
  20  1:27  Pylon  
  20  1:29  Probe (Chrono Boost)  
  21  1:39  Probe (Chrono Boost)  
  22  1:50  Probe (Chrono Boost), Nexus  
  23  1:58  Cybernetics Core  
  23  2:05  Assimilator  
  23  2:07  Pylon  
  23  2:25  Probe (Chrono Boost)  
  24  2:35  Probe (Chrono Boost)  
  27  2:44  Adept (Chrono Boost)  
  27  2:46  Probe  
  27  2:49  Stargate  
  28  2:56  Warp Gate  
  28  2:58  Probe  
  29  3:00  Pylon  
  29  3:01  Probe  
  30  3:08  Stalker (Chrono Boost)  
  30  3:10  Probe  
  30  3:12  Probe  
  34  3:22  Probe  
  34  3:23  Probe  
  36  3:27  Pylon  
  36  3:32  Void Ray (Chrono Boost)  
  36  3:34  Probe (Chrono Boost)  
  40  3:35  Probe (Chrono Boost)  
  42  3:44  Probe  
  42  3:46  Probe  
  44  3:51  Twilight Council  
  44  3:54  Probe  
  44  3:58  Probe  
  46  4:09  Robotics Facility  
  46  4:16  Gateway  
  46  4:18  Gateway x2  
  46  4:22  Gateway  
  46  4:24  Gateway  
  46  4:28  Charge (Chrono Boost)  
  46  4:29  Gateway  
  46  4:37  Gateway  
  46  4:41  Pylon  
  46  4:49  Pylon  
  46  4:54  Oracle (Chrono Boost)  
  46  4:56  Pylon, Warp Prism (Chrono Boost)  
  51  5:13  Nexus  
  51  5:17  Pylon  
  51  5:22  Zealot  
  51  5:23  Zealot  
  55  5:30  Zealot  
  55  5:31  Zealot  
  59  5:55  Zealot  
  59  5:56  Zealot x6  
  73  5:57  Zealot  
  75  6:07  Pylon  
  73  6:21  Zealot x4  
  73  6:23  Zealot  
  73  6:24  Zealot  
  77  6:28  Zealot x2  
  65  6:43  Zealot x4  
  65  6:44  Zealot  
  69  6:49  Zealot  
  69  6:50  Zealot  
  69  7:00  Zealot  
  67  7:04  Zealot  
  67  7:05  Zealot x3  
  73  7:10  Zealot  
  75  7:22  Zealot x3  
  79  7:29  Pylon x2  
  77  7:41  Zealot x5  
  85  8:02  Zealot x3  
  85  8:03  Zealot x4  
  89  8:17  Zealot  
  85  8:32  Zealot x7  
  99  8:42  Pylon  
  99  8:43  Pylon  
  99  8:44  Sentry  
  93  8:53  Sentry x4  
  83  9:18  Zealot x6  
  83  9:19  Zealot  
  93  9:41  Zealot x5  
  75  10:08  Zealot x7  
Tags
 
Add a new tag
Caveats
  • Supply blocks, unpowered buildings, or Contaminate may cause inaccurate times.
  • Supply counts are checked every 10 seconds.